Map: Ulrena

Players

lesha - Winner!

  • Race: Terran Terran

A.I. 1 (Very Hard)

  • Race: Terran Terran

VOD

Have the link to the VOD?

Description

Time

  • Played on: Dec. 5, 2015, 3:05 a.m.
  • Length: 17:21
Show
View Real Time Build Order
Export as new Build Order

lesha Terran - Winner!

Build Orders:  

Get SALT Encoding   

  12  0:01  SCV  
  13  0:13  SCV  
  14  0:19  Supply Depot  
  14  0:25  SCV  
  15  0:40  SCV  
  15  0:42  Barracks  
  16  0:52  SCV  
  17  1:04  SCV  
  18  1:16  Command Center  
  18  1:19  SCV  
  19  1:34  Orbital Command  
  19  1:35  Marine  
  20  1:42  Refinery  
  20  1:44  Refinery  
  20  1:53  Marine  
  21  2:01  SCV  
  21  2:13  SCV  
  22  2:17  Supply Depot  
  22  2:25  SCV  
  23  2:31  Marine  
  23  2:34  Orbital Command  
  24  2:44  Factory  
  24  2:47  SCV  
  24  2:49  Marine  
  26  2:59  SCV  
  26  3:03  SCV  
  26  3:04  Bunker  
  28  3:11  SCV  
  29  3:15  SCV, Barracks Tech Lab  
  30  3:23  SCV, Barracks  
  31  3:27  SCV  
  32  3:35  SCV  
  32  3:37  Starport  
  32  3:38  Factory Tech Lab  
  32  3:39  Stimpack  
  32  3:40  SCV, Marine  
  35  3:47  SCV  
  35  3:48  Refinery  
  36  3:52  SCV  
  37  3:58  Marauder  
  37  4:00  SCV  
  40  4:04  SCV  
  41  4:11  Refinery  
  41  4:13  Barracks Reactor  
  44  4:17  Siege Tank  
  44  4:20  Marauder, Starport Tech Lab  
  46  4:42  Supply Depot  
  46  4:43  Supply Depot  
  46  4:50  Cloaking Field  
  46  5:03  Banshee, SCV x2, Marine x3  
  54  5:15  SCV x2, Engineering Bay  
  54  5:17  Engineering Bay  
  54  5:21  Barracks, Marauder  
  56  5:22  Barracks  
  56  5:27  Marine x2  
  60  5:39  SCV x2  
  62  5:55  Supply Depot  
  62  5:59  Supply Depot  
  62  6:00  Supply Depot  
  62  6:02  Terran Infantry Weapons Level 1  
  62  6:03  Terran Infantry Armor Level 1, Supply Depot  
  62  6:17  Banshee, Marauder, SCV x2  
  69  6:20  Siege Tank  
  72  6:28  Barracks Reactor  
  72  6:29  Barracks Reactor  
  72  6:39  Marauder  
  74  6:43  SCV x2  
  74  6:46  Marine x2  
  78  6:52  Siege Tank  
  81  6:55  SCV  
  81  6:56  SCV  
  81  7:00  Banshee, Marine  
  87  7:18  Marauder  
  87  7:21  Marine x5  
  94  7:42  Command Center  
  94  7:44  Armory  
  94  7:47  Supply Depot  
  94  7:50  Supply Depot x2  
  94  7:52  Supply Depot  
  94  8:04  Barracks  
  94  8:05  Barracks x2  
  94  8:09  Medivac, Marine x6  
  94  8:11  Siege Tank  
  94  8:12  Marauder  
  107  8:19  Command Center  
  107  8:27  Marine  
  104  8:33  Marauder  
  107  8:39  Medivac  
  109  8:44  Marine x5  
  109  8:45  Marine  
  115  8:54  Marine  
  116  8:57  Terran Infantry Weapons Level 2, Barracks  
  116  8:58  Terran Infantry Armor Level 2  
  116  9:07  Starport  
  116  9:13  Starport  
  116  9:22  Supply Depot x2, Marine x3  
  116  9:23  Marine x4  
  116  9:24  Barracks Reactor x2, Supply Depot  
  123  9:26  Marauder  
  123  9:27  Medivac  
  91  9:46  Supply Depot  
  91  9:47  Supply Depot, Marauder  
  83  9:57  Medivac  
  83  9:59  Marine x5  
  89  10:00  Marine x3  
  72  10:43  Marine x6  
  72  10:44  Marine x4  
  72  10:45  Marine x2  
  72  10:47  Medivac  
  86  10:50  Starport Reactor  
  86  10:51  Starport Reactor  
  86  10:54  Orbital Command  
  86  10:55  Orbital Command  
  86  11:00  Marine  
  86  11:01  Marine x2  
  89  11:08  Marine x2  
  89  11:09  Marine  
  92  11:12  Marauder  
  92  11:14  Marine  
  92  11:15  Marine x4  
  92  11:17  Medivac  
  101  11:18  Marine x2  
  101  11:19  Terran Infantry Weapons Level 3, Marine  
  104  11:33  Marauder  
  104  11:34  Marine x4  
  104  11:35  Marine x4  
  104  11:36  Marine x3  
  104  11:37  Medivac  
  104  11:38  Medivac  
  104  11:39  Medivac  
  123  11:52  Medivac x2, Marine x3  
  130  11:58  Refinery  
  130  12:00  Refinery  
  130  12:07  Medivac  
  130  12:08  Medivac  
  134  12:09  Medivac  
  134  12:14  SCV x3  
  134  12:15  SCV  
  140  12:22  Medivac  
  142  12:26  SCV  
  142  12:27  Marine x4  
  142  12:28  Marine x7  
  142  12:29  Marine  
  155  12:31  Medivac  
  155  12:37  Medivac  
  157  12:38  Medivac  
  161  12:45  SCV x4, Marine x5  
  161  12:46  Marine  
  161  12:47  Marauder  
  173  12:57  SCV  
  174  13:01  Marine x3  
  174  13:02  Marine x2  
  174  13:03  Marine x2  
  174  13:04  Marine x4  
  185  13:08  Marauder  
  187  13:19  Marine x5  
  190  13:20  Marine  
  190  13:21  Marine  
  194  13:30  Marauder  
  196  14:23  Marine  
  196  14:24  Marine  
  196  14:25  Marine x2  
  196  14:26  Marine x2  
  196  14:27  Marine x2  
  196  14:28  Marine  
  196  14:29  Marine x2  
  196  14:30  Medivac  
  195  14:31  Medivac  
  195  14:33  Medivac  
  195  14:34  Marauder  
  195  14:36  Widow Mine  
  195  14:38  Medivac x2  
  193  14:41  Marine  
  193  14:42  Marine  
  193  14:43  Marine  
  196  14:49  Marine x2  
  196  15:07  Marauder  
  196  15:08  Marine x4  
  196  15:52  Widow Mine  
  196  15:53  Marine  
  196  15:57  Marine x3  
  196  16:00  Marauder  
  190  16:21  Widow Mine  
  190  16:22  Marauder  
  190  16:49  Widow Mine  
Show
View Real Time Build Order
Export as new Build Order

A.I. 1 (Very Hard) Terran 

Build Orders: MMM Bio 

Get SALT Encoding   

  12  0:00  SCV  
  13  0:13  SCV  
  14  0:20  Supply Depot  
  14  0:25  SCV  
  15  0:29  Refinery  
  15  0:41  SCV  
  16  0:47  Barracks  
  16  0:53  SCV  
  17  1:06  SCV  
  18  1:18  SCV  
  19  1:34  Marine  
  19  1:38  Orbital Command  
  19  1:39  Supply Depot  
  20  1:41  Factory  
  20  1:51  Barracks  
  20  1:53  Marine  
  21  2:04  SCV  
  21  2:05  Refinery  
  22  2:10  Marine  
  23  2:16  SCV  
  23  2:22  Supply Depot  
  24  2:27  Factory Tech Lab  
  24  2:28  SCV  
  25  2:30  Marine  
  26  2:38  Marine  
  27  2:48  Siege Tank  
  27  2:49  SCV  
  27  2:50  Marine  
  32  2:55  Marine  
  33  3:01  Supply Depot  
  33  3:03  SCV  
  34  3:08  Marine  
  35  3:13  Marine  
  36  3:20  Siege Tank  
  36  3:23  SCV  
  36  3:25  Marine  
  41  3:31  Marine  
  41  3:33  Supply Depot  
  42  3:35  SCV  
  43  4:00  SCV  
  43  4:01  Command Center  
  44  4:04  Barracks Tech Lab  
  44  4:06  Barracks Tech Lab  
  44  4:13  SCV  
  44  4:16  Supply Depot  
  45  4:25  SCV, Marauder  
  45  4:28  Marauder  
  50  4:37  SCV, Stimpack  
  51  4:47  Marauder  
  51  4:48  Marine  
  51  4:50  Barracks  
  54  5:04  Siege Tank  
  59  5:07  Marauder  
  59  5:08  Marine  
  59  5:11  Supply Depot  
  60  5:16  SCV  
  60  5:21  SCV  
  62  5:26  Marauder  
  62  5:28  SCV, Marine  
  66  5:33  SCV  
  67  5:37  Barracks Reactor  
  67  5:40  SCV, Siege Tank  
  71  5:45  Combat Shields, SCV  
  71  5:46  Marauder  
  74  5:51  Marauder  
  74  5:52  SCV  
  74  5:56  Supply Depot  
  77  5:57  SCV  
  78  6:04  SCV  
  78  6:07  Engineering Bay, Marauder  
  78  6:10  SCV  
  82  6:15  Marauder  
  82  6:16  SCV  
  85  6:21  Supply Depot  
  85  6:22  SCV  
  86  6:28  SCV  
  86  6:29  Marauder  
  89  6:33  Terran Infantry Weapons Level 1  
  89  6:34  SCV  
  90  6:41  SCV  
  90  6:42  Starport  
  90  6:46  SCV  
  89  6:51  Supply Depot  
  89  6:53  SCV  
  88  6:58  SCV  
  86  7:04  Concussive Shells, Marine  
  86  7:05  SCV  
  85  7:11  SCV  
  85  7:17  SCV  
  85  7:20  Starport Tech Lab  
  86  7:23  SCV  
  86  7:28  Refinery  
  86  7:29  SCV  
  88  7:31  Marine  
  88  7:34  Engineering Bay  
  88  7:35  Orbital Command  
  89  7:37  Missile Turret  
  89  7:41  Raven  
  91  7:47  Command Center  
  91  7:52  SCV  
  92  7:59  Missile Turret  
  92  8:00  Terran Infantry Armor Level 1  
  92  8:03  Barracks  
  92  8:04  SCV  
  93  8:11  Marine  
  94  8:13  Marine  
  95  8:23  Siege Tank  
  95  8:24  Medivac  
  100  8:29  Marauder  
  100  8:30  Supply Depot  
  100  8:34  Marauder  
  103  8:47  Refinery  
  103  8:49  Missile Turret  
  103  8:54  Medivac  
  103  8:55  Siege Tank  
  108  8:56  Supply Depot  
  108  8:59  SCV x2  
  108  9:00  SCV  
  111  9:06  Armory  
  111  9:11  SCV  
  111  9:12  SCV  
  111  9:14  SCV  
  114  9:23  SCV  
  115  9:24  SCV  
  115  9:26  SCV, Widow Mine  
  119  9:35  SCV  
  119  9:37  SCV  
  119  9:38  Armory, Liberator, SCV  
  118  9:41  Marine  
  118  9:42  Marine x2  
  118  9:43  Marine  
  118  9:44  Marine  
  94  9:48  SCV  
  94  9:49  SCV  
  94  9:50  SCV  
  94  9:53  Terran Vehicle And Ship Armor Level 1  
  94  9:59  Marine  
  99  10:00  SCV, Marauder  
  99  10:01  SCV, Marine  
  99  10:02  Marine  
  99  10:03  Marine  
  99  10:06  SCV  
  106  10:12  SCV  
  107  10:17  Marine  
  107  10:19  Marine  
  107  10:20  Marine  
  107  10:21  Marauder, Liberator  
  112  10:22  Marine  
  112  10:25  Terran Vehicle Weapons Level 1  
  113  10:29  Refinery  
  113  10:35  Marine  
  99  10:36  Marine  
  99  10:37  Refinery  
  99  10:38  Marine  
  99  10:39  Marine  
  100  10:42  Marauder  
  100  10:45  Orbital Command  
  100  10:47  Siege Tank  
  100  10:49  Missile Turret  
  103  10:52  SCV x2  
  103  10:53  Marauder  
  103  10:54  Marine  
  103  10:56  Marine  
  109  10:58  Marine  
  109  10:59  Missile Turret  
  109  11:04  SCV, Marauder, Liberator  
  109  11:06  SCV  
  111  11:12  Marine  
  111  11:15  Terran Infantry Weapons Level 2, Marauder  
  114  11:19  Widow Mine  
  114  11:20  Missile Turret  
  114  11:23  Supply Depot  
  121  11:25  Marauder  
  121  11:31  Factory  
  121  11:36  Marauder  
  121  11:37  Infernal Pre-Igniter  
  123  11:43  Missile Turret  
  123  11:47  Supply Depot  
  123  11:48  Command Center, Hellion  
  125  12:04  Raven  
  127  12:09  Siege Tank  
  127  12:11  Supply Depot  
  127  12:13  Widow Mine  
  132  12:15  Factory  
  132  12:37  Starport  
  132  12:39  Hi-Sec Auto Tracking  
  132  12:40  Supply Depot, Marine  
  132  12:41  Marine  
  132  12:42  Siege Tank, Marine  
  132  12:43  Hellion  
  140  12:46  Raven  
  140  12:49  Missile Turret  
  142  12:59  Hellion  
  142  13:01  SCV  
  142  13:02  SCV x3  
  147  13:07  Hellion  
  149  13:13  Medivac  
  149  13:14  Hellion  
  149  13:16  SCV  
  153  13:21  Hellion  
  153  13:23  Command Center  
  155  13:28  Hellion  
  155  13:31  Building Armor  
  157  13:34  Missile Turret  
  157  13:35  Command Center, Thor  
  157  13:37  Medivac  
  165  13:42  Hellion  
  167  13:49  Missile Turret  
  167  13:59  Missile Turret  
  167  14:02  Supply Depot  
  167  14:07  Factory Tech Lab, Factory  
  169  14:18  Cyclone  
  169  14:22  Marine  
  169  14:23  Marine x2  
  169  14:24  Raven, Marine x2  
  167  14:26  Supply Depot  
  125  14:36  Planetary Fortress  
  125  14:37  SCV  
  81  14:40  Marine  
  81  14:41  Marine x3  
  81  14:42  SCV, Marine  
  66  14:46  SCV  
  66  14:49  Command Center  
  66  14:50  Siege Tank  
  49  14:58  Marine  
  49  14:59  Marauder, Marine  
  40  15:01  Marauder  
  35  15:07  Medivac  
  24  15:21  Marauder  
  23  15:22  Marauder  
  23  15:23  Command Center  
  15  15:37  Raven  
  17  15:45  Marauder  
  15  15:53  Command Center  
  13  16:15  SCV  
  14  16:18  SCV  
  13  16:27  SCV  
  13  16:30  SCV  
  14  16:39  SCV  
Tags
 
Composition
MMM Bio
Matchup
TvT
Race
Terran
Add a new tag
Caveats
  • Supply blocks, unpowered buildings, or Contaminate may cause inaccurate times.
  • Supply counts are checked every 10 seconds.